 Dungeon Crawl Stone Soup version 0.29.1-4-g47bece8355 (webtiles) character file.

Game seed: 10921118192353512497

92 Mune the Magician (level 4, 0/39 HPs)
             Began as a Troll Hedge Wizard on Dec 4, 2022.
             Slain by Terence
             ... wielding a +2 vorpal hand axe
              (3 damage)
             ... on level 3 of the Dungeon.
             The game lasted 00:09:13 (2749 turns).

Mune the Magician (Troll Hedge Wizard)              Turns: 2749, Time: 00:09:14

Health: 0/39       AC:  4    Str: 18    XL:     4   Next: 35%
Magic:  0/6        EV: 10    Int: 12    God:
Gold:   142        SH:  0    Dex:  9    Spells: 4/8 levels left

rFire   . . .      SeeInvis .   n - staff of air
rCold   . . .      Faith    .   (no shield)
rNeg    . . .      Spirit   .   b - +0 robe
rPois   .          Reflect  .   c - +0 hat
rElec   +          Harm     .   (no cloak)
rCorr   .          Rampage  .   (gloves unavailable)
Will    .....                   (boots unavailable)
Stlth   +.........              h - amulet of the acrobat
HPRegen 0.93/turn               (no ring)
MPRegen 0.10/turn               (no ring)

@: no status effects
A: large, unfitting armour, claws 3, regeneration 1, shaggy fur 1, tough skin 1
a: no special abilities


You were on level 3 of the Dungeon.
You visited 1 branch of the dungeon, and saw 3 of its levels.

You collected 142 gold pieces.

Inventory:

Hand Weapons
 a - a +0 dagger
Armour
 b - a +0 robe (worn)
 c - a +0 hat (worn)
Magical Staves
 n - a staff of air (weapon)
Jewellery
 h - an amulet of the acrobat (around neck)
 l - a ring of see invisible
 r - a ring of flight
Scrolls
 e - 2 scrolls of identify {unknown}
 p - a scroll of magic mapping {unknown}
 q - a scroll of vulnerability {unknown}
Potions
 d - a potion of magic
 f - 2 potions of degeneration {unknown}
 g - a potion of invisibility {unknown}
 i - a potion of might {unknown}
 j - a potion of resistance {unknown}
 k - 2 potions of cancellation {unknown}
 m - 2 potions of heal wounds {unknown}
 o - 2 potions of mutation {unknown}


   Skills:
 + Level 0.1 Fighting
 + Level 0.5 Short Blades
 + Level 0.2 Staves
 + Level 2.2 Dodging
 + Level 1.0 Stealth
 + Level 2.6 Spellcasting
 + Level 1.3 Conjurations
 + Level 0.6 Summonings
 + Level 0.6 Translocations
 + Level 0.2 Poison Magic


You had 4 spell levels left.
You knew the following spells:

 Your Spells              Type           Power      Damage    Failure   Level
a - Magic Dart            Conj           16%        1d3       14%         1
b - Mephitic Cloud        Conj/Pois/Air  4%         N/A       52%         3

Your spell library contained the following spells:

 Spells                   Type           Power      Damage    Failure   Level
 Slow                     Hex            4%         N/A       26%         1
 Blink                    Tloc           6%         N/A       30%         2
 Call Imp                 Summ           3%         N/A       30%         2
 Conjure Flame            Conj/Fire      3%         6-21      50%         3
 Leda's Liquefaction      Hex/Erth       0%         N/A       95%         4
 Lee's Rapid Deconstruct  Erth           0%         3d5*      100%        5
 Statue Form              Tmut/Erth      0%         N/A       100%        6


Dungeon Overview and Level Annotations

Branches:
Dungeon (3/15)

Altars:

Shops:
D:1 !!!*

Annotations:
D:3 Terence


Innate Abilities, Weirdness & Mutations

You are too large for most types of armour.
You have claws for hands.
Your natural rate of healing is unusually fast.
You are covered in fur. (AC +1)
You have tough skin. (AC +1)


Message History

Nothing appears to happen.
Terence hits you with a +2 vorpal hand axe.
You hit Terence.
Terence is heavily wounded.
Terence closely misses you.
You hit Terence but do no damage.
Terence is heavily wounded.
Terence barely misses you.
You hit Terence but do no damage.
Terence is heavily wounded.
Terence closely misses you.
You hit Terence.
Terence is severely wounded.
Terence hits you with a +2 vorpal hand axe.
You hit Terence but do no damage.
Terence is severely wounded.
Terence hits you with a +2 vorpal hand axe!
* * * LOW HITPOINT WARNING * * *
Terence hits you with a +2 vorpal hand axe.
* * * LOW HITPOINT WARNING * * *
x2 Your magical contamination has completely faded away.
Casting: Magic Dart (safe; 14% risk of failure)
Confirm with . or Enter, or press ? or * to list all spells.
Aiming: Magic Dart (safe; 14% risk of failure)
Press: ? - help, Shift-Dir - straight line, f/p - Terence
Aim: Terence, wielding a +2 vorpal hand axe and wearing a +0 scale mail (severely wounded, 100% to hit)
The magic dart hits Terence but does no damage.
Terence is severely wounded.
Terence barely misses you.
You hit Terence but do no damage.
Terence is severely wounded.
Terence hits you with a +2 vorpal hand axe.
* * * LOW HITPOINT WARNING * * *
x2 You hit Terence but do no damage.
Your claw misses Terence.
Terence is severely wounded.
Terence closely misses you.
You closely miss Terence.
Terence is severely wounded.
Terence hits you with a +2 vorpal hand axe.
You die...

#..........
###.####### #.# #.# ##
#.# .. #.# ..
#.####### .##.#
#.......########....>#
#######....@@.....#
########...## #.......
......... ..#######
..## ##


You could see Terence.

Vanquished Creatures
  3 adders (D:2)
  A worm (D:2)
  3 dart slugs
  4 bats
  7 endoplasms
  A giant cockroach (D:1)
  4 goblins
  5 hobgoblins (D:1)
  8 jackals (D:2)
  A quokka (D:2)
  5 ball pythons
  A frilled lizard (D:1)
  4 kobolds
  4 rats
51 creatures vanquished.

Notes
Turn   | Place    | Note
-------+----------+-------------------------------------------
     0 | D:1      | Mune the Troll Hedge Wizard began the quest for the Orb.
     0 | D:1      | Reached XP level 1. HP: 16/16 MP: 2/2
   207 | D:1      | Found Cecoczuo's Assorted Antiques.
   330 | D:1      | Reached XP level 2. HP: 24/24 MP: 0/4
   429 | D:1      | Found Uniu's Distillery.
   620 | D:1      | Found Unwek's Distillery.
   764 | D:1      | Found Lenu's Distillery.
   885 | D:1      | Reached XP level 3. HP: 31/31 MP: 1/5
   889 | D:1      | Learned a level 3 spell: Mephitic Cloud
  1821 | D:2      | Reached skill level 1 in Conjurations
  1968 | D:2      | Reached XP level 4. HP: 33/39 MP: 2/6
  2671 | D:3      | Noticed Terence
  2747 | D:3      | HP: 1/39 [Terence/+2 vorpal hand axe (1)]
  2749 | D:3      | Slain by Terence

Illustrated notes

Levels and vault maps discovered:
D:1:      spicycebolla_arrival_ecumenical, layout_basic, serial_shops,
          nicolae_square_shop, shop, shop_fountains, shop_fountains,
          chequers_serial_rivers_small_b
D:2:      layout_loops_corners, minmay_pentomino_u2
D:3:      layout_rooms, grunt_gozag_statues, uniq_terence

Skill      XL: |  1  2  3 |
---------------+----------+-----
Dodging        | 2 |  2.2
Conjurations   | 1 |  1.3
Fighting       | |  0.1
Short Blades   | |  0.5
Staves         | |  0.2
Stealth        | |  1.0
Spellcasting   | |  2.6
Summonings     | |  0.6
Translocations | |  0.6
Poison Magic   | |  0.2

Action                   |  1- 3 |  4- 6 || total
-------------------------+-------+-------++-------
Melee: Dagger            |    99 |       ||    99
       Staff             |    50 |    53 ||   103
 Cast: Magic Dart        |    74 |    38 ||   112
       Mephitic Cloud    |       |     2 ||     2
Armor: Robe              |    80 |    31 ||   111
Dodge: Dodged            |   130 |    48 ||   178
